 Dungeon Crawl Stone Soup version 0.20.1-1-g8b1a95d (webtiles) character file.

126 OneorTwo the Chopper (level 5, -6/47 HPs)
             Began as a Hill Orc Berserker on July 30, 2017.
             Was a Believer of Trog.
             Engulfed by a cloud of flame (16 damage)
             ... on level 3 of the Dungeon.
             The game lasted 00:05:53 (1442 turns).

OneorTwo the Chopper (Hill Orc Berserker)           Turns: 1442, Time: 00:05:58

Health: -6/47      AC:  2    Str: 18    XL:     5   Next: 9%
Magic:  5/5        EV: 12    Int:  7    God:    Trog [**....]
Gold:   192        SH:  0    Dex: 10    Spells: 4/4 levels left

rFire    . . .     SeeInvis .   t - -1 spear (curse)
rCold    . . .     Gourm    .   (no shield)
rNeg     . . .     Faith    .   (no armour)
rPois    .         Spirit   .   g - +0 helmet
rElec    .         Reflect  .   (no cloak)
rCorr    .         Harm     .   o - +0 pair of gloves
MR       .....                  (no boots)
Stlth    ..........             (no amulet)
Regen    0.2/turn               h - -3 ring of strength (curse)
MPRegen  0.1/turn               k - ring of loudness (curse)

@: no status effects
A: no striking features
a: Berserk, Trog's Hand, Burn Spellbooks, Renounce Religion


You were on level 3 of the Dungeon.
You worshipped Trog.
Trog was pleased with you.
You were not hungry.

You visited 1 branch of the dungeon, and saw 3 of its levels.

You collected 192 gold pieces.

Inventory:

Hand Weapons
 a - a +0 hand axe
 t - a cursed -1 spear (weapon)
 u - a +0 shortbow
Missiles
 l - 42 stones (quivered)
Armour
 b - a +0 animal skin
 g - a +0 helmet (worn)
 o - a +0 pair of gloves (worn)
 r - a +0 ring mail
Jewellery
 h - a cursed -3 ring of strength (left hand)
 k - a cursed ring of loudness (right hand)
Scrolls
 e - a scroll of immolation
 f - a scroll of magic mapping
 j - 6 scrolls of identify {unknown}
 n - a scroll of recharging {unknown}
 p - a scroll of remove curse {unknown}
 s - a scroll of noise {unknown}
Potions
 d - a potion of mutation {unknown}
 v - a potion of resistance {unknown}
Comestibles
 c - 2 bread rations
 m - 3 chunks of flesh
 q - a meat ration


   Skills:
 + Level 4.7 Fighting
 * Level 6.6 Axes
 - Level 2.1 Armour
 - Level 1.5 Dodging


You had 4 spell levels left.
You didn't know any spells.

Dungeon Overview and Level Annotations

Branches:
Dungeon (3/15)

Altars:


Message History

Are you sure you want to cancel this blink?
Blink to where?
Press: ? - help, Dir - move target cursor, f - you Are you sure you want to cancel this blink?
Okay, then.
As you read the scroll labeled GAUGEZX BEPPU, it crumbles to dust.
It was a scroll of blinking.
Attack whom?
Press: ? - help, Dir - move target cursor, f - leopard gecko
Aim: a leopard gecko (inner flame)
You reach to attack!
You hit the leopard gecko.
The leopard gecko is almost dead.
You hit the leopard gecko.
The leopard gecko explodes!
The fiery explosion engulfs you!
Ouch! That really hurt!
* * * LOW HITPOINT WARNING * * *
Trog accepts your kill.
You are engulfed in blazing flames.
You die...

*,,,,,,,,******+*** *,*,**
*,,,,,,,,#........#*****,*,,*
*,,,,,,,,#........#,,,,,,*,**
*,,,,,,,,#........#,******,**
*,,,,,,,,#........#,* *,,,,*
*,,,,,,,,#[.......#,* *,****
*,,<,,,,,#......%.#,****,*
*********#....ยงยงยง.#,,,,,,*
#.%...@..#******* ##########


There were no monsters in sight!

Vanquished Creatures
  Natasha (thrice) (D:2)
  3 adders (D:2)
  3 leopard geckos
  An orc (D:2)
  2 bats
  3 giant cockroaches (D:2)
  3 goblins (D:2)
  A ball python (D:2)
  A frilled lizard (D:2)
  2 kobolds
  2 rats (D:2)
24 creatures vanquished.

Notes
Turn   | Place    | Note
-------+----------+-------------------------------------------
     0 | D:1      | OneorTwo the Hill Orc Berserker began the quest for the Orb.
     0 | D:1      | Reached XP level 1. HP: 19/19 MP: 1/1
   437 | D:1      | You fall through a shaft!
   604 | D:2      | Noticed Natasha
   694 | D:2      | Reached XP level 2. HP: 27/27 MP: 2/2
   879 | D:2      | Reached skill level 5 in Axes
   879 | D:2      | Reached XP level 3. HP: 27/33 MP: 3/3
   987 | D:2      | Killed Natasha
  1042 | D:2      | Noticed Natasha
  1047 | D:2      | Killed Natasha
  1047 | D:2      | Reached skill level 6 in Axes
  1047 | D:2      | Reached XP level 4. HP: 41/41 MP: 4/4
  1130 | D:2      | Noticed Natasha
  1136 | D:2      | Killed Natasha
  1161 | D:2      | Reached XP level 5. HP: 34/47 MP: 5/5
  1191 | D:2      | Reached ** piety under Trog
  1442 | D:3      | Engulfed by a cloud of flame

Skill      XL: |  1  2  3 |
---------------+----------+-----
Axes           | 5 6 |  6.6
Fighting       | 4 |  4.7
Armour         | |  2.1
Dodging        | |  1.5

Action                   |  1- 3 |  4- 6 || total
-------------------------+-------+-------++-------
Melee: Hand axe          |    48 |    19 ||    67
       Spear             |       |    12 ||    12
Invok: Berserk           |     3 |     2 ||     5
  Use: Scroll            |       |     3 ||     3
  Eat: Chunk             |     2 |     4 ||     6
Armor: Animal skin       |     9 |     1 ||    10
       Skin              |       |     3 ||     3
Dodge: Dodged            |    46 |     9 ||    55
